Map: Frozen Temple

Players

JackO

  • Race: Protoss Protoss
  • League: Master

Miszu - Winner!

  • Race: Terran Terran
  • League: Master

VOD

Have the link to the VOD?

Description

Time

  • Played on: May 10, 2016, 8:36 a.m.
  • Length: 14:10
Show
View Real Time Build Order
Export as new Build Order

JackO Protoss 

Build Orders: 1 Gate Expand, Blink Stalkers 

Get SALT Encoding   

  12  0:01  Probe (Chrono Boost)  
  13  0:12  Probe (Chrono Boost)  
  14  0:19  Pylon  
  14  0:22  Probe (Chrono Boost)  
  15  0:37  Gateway, Probe (Chrono Boost)  
  16  0:48  Probe (Chrono Boost)  
  16  0:49  Assimilator  
  17  0:58  Probe (Chrono Boost)  
  18  1:09  Probe (Chrono Boost)  
  19  1:23  Nexus  
  19  1:34  Cybernetics Core  
  19  1:37  Probe (Chrono Boost)  
  20  1:43  Assimilator  
  20  1:49  Probe (Chrono Boost)  
  20  1:53  Pylon  
  21  1:59  Probe (Chrono Boost)  
  22  2:11  Warp Gate  
  22  2:12  Stalker (Chrono Boost)  
  24  2:21  Twilight Council  
  24  2:23  Probe  
  25  2:35  Probe (Chrono Boost)  
  26  2:41  Stalker (Chrono Boost)  
  28  2:44  Probe (Chrono Boost)  
  28  2:46  Probe (Chrono Boost)  
  29  2:55  Probe (Chrono Boost)  
  30  2:59  Blink  
  30  3:02  Probe (Chrono Boost)  
  31  3:06  Probe (Chrono Boost)  
  32  3:13  Probe (Chrono Boost)  
  32  3:18  Probe (Chrono Boost)  
  34  3:23  Gateway  
  34  3:28  Gateway  
  34  3:31  Gateway  
  34  3:33  Probe (Chrono Boost)  
  35  3:40  Probe (Chrono Boost)  
  36  3:45  Robotics Facility, Probe (Chrono Boost)  
  37  3:51  Mothership Core (Chrono Boost)  
  39  3:57  Probe (Chrono Boost)  
  39  3:58  Pylon  
  40  4:03  Assimilator  
  40  4:07  Probe (Chrono Boost)  
  40  4:09  Probe (Chrono Boost)  
  42  4:18  Probe (Chrono Boost)  
  42  4:19  Pylon, Stalker  
  42  4:20  Stalker  
  42  4:23  Probe (Chrono Boost)  
  48  4:26  Assimilator  
  48  4:29  Probe (Chrono Boost)  
  49  4:32  Stalker  
  51  4:39  Probe (Chrono Boost)  
  51  4:40  Probe (Chrono Boost)  
  51  4:41  Observer (Chrono Boost)  
  54  4:50  Pylon  
  54  4:51  Stalker, Probe  
  57  4:53  Stalker, Probe  
  60  5:00  Stalker  
  62  5:09  Observer (Chrono Boost), Pylon, Probe  
  62  5:10  Probe  
  65  5:20  Probe  
  65  5:23  Probe  
  67  5:30  Probe  
  67  5:33  Nexus  
  67  5:35  Pylon, Probe  
  69  5:41  Robotics Bay  
  69  5:45  Pylon  
  69  5:48  Observer (Chrono Boost)  
  70  5:52  Zealot  
  72  6:01  Stalker x2  
  76  6:06  Probe  
  76  6:07  Probe  
  78  6:17  Gateway  
  78  6:18  Gateway  
  78  6:26  Colossus (Chrono Boost)  
  78  6:30  Adept  
  78  6:31  Adept x2  
  90  6:33  Resonating Glaives  
  90  6:39  Gateway  
  90  6:48  Probe  
  90  6:49  Probe x2  
  90  6:52  Extended Thermal Lance (Chrono Boost)  
  93  6:58  Pylon  
  93  7:08  Probe x3  
  95  7:12  Forge x2  
  95  7:15  Pylon  
  96  7:20  Pylon  
  96  7:26  Adept x4  
  102  7:35  Adept  
  83  7:44  Mothership Core  
  83  7:45  Colossus  
  83  7:49  Adept x4  
  89  7:59  Adept  
  89  8:01  Protoss Ground Armor Level 1 (Chrono Boost)  
  84  8:09  Pylon  
  84  8:10  Probe x2  
  86  8:17  Probe  
  87  8:22  Sentry x2, Probe  
  87  8:23  Probe  
  87  8:24  Pylon  
  93  8:29  Probe  
  94  8:34  Probe  
  94  8:35  Colossus, Probe  
  94  8:36  Protoss Ground Weapons Level 1 (Chrono Boost)  
  96  8:47  Sentry  
  96  8:48  Adept  
  106  8:49  Adept  
  108  9:00  Probe x2  
  108  9:02  Adept  
  108  9:03  Adept  
  108  9:05  Stalker  
  103  9:20  Probe x3  
  103  9:22  Adept  
  103  9:23  Adept x2  
  103  9:24  Adept  
  110  9:32  Probe x2  
  110  9:37  Photon Cannon  
  111  9:42  Probe  
  111  9:44  Probe x2  
  109  9:52  Pylon  
  105  9:54  Probe  
  105  9:56  Mothership Core, Probe  
  105  9:57  Pylon  
  109  10:06  Probe  
  110  10:12  Templar Archives  
  110  10:19  Stalker x2  
  105  10:27  Protoss Ground Armor Level 2 (Chrono Boost)  
  105  10:33  Probe x2  
  105  10:50  High Templar  
  105  10:51  Photon Cannon  
  107  10:57  High Templar  
  107  11:02  Photon Cannon  
  104  11:08  High Templar x2  
  108  11:14  Archon  
  108  11:22  Nexus  
  108  11:27  Adept  
  100  11:37  Adept  
  100  11:38  Protoss Ground Weapons Level 2 (Chrono Boost)  
  95  12:00  Pylon  
  90  12:51  High Templar  
  90  12:52  High Templar x3  
  90  12:56  Archon x2  
  90  12:57  High Templar  
  100  13:04  Probe  
  100  13:05  High Templar, Probe  
  104  13:16  Assimilator  
  104  13:17  Assimilator  
  104  13:21  Probe  
  99  13:42  Stalker x3  
  105  13:51  Stalker  
Show
View Real Time Build Order
Export as new Build Order

Miszu Terran - Winner!

Build Orders: Reaper Expand, MMM Bio 

Get SALT Encoding   

  12  0:01  SCV  
  13  0:13  SCV  
  14  0:18  Supply Depot  
  14  0:29  SCV  
  15  0:41  SCV  
  16  0:43  Barracks  
  16  0:45  Refinery  
  16  0:55  SCV  
  17  1:10  SCV  
  18  1:23  SCV  
  18  1:34  Reaper  
  18  1:35  Orbital Command  
  19  1:45  Command Center  
  19  2:00  Supply Depot  
  19  2:01  SCV  
  20  2:06  Marine  
  21  2:14  SCV  
  22  2:18  Factory  
  22  2:26  SCV  
  23  2:30  Barracks Reactor  
  23  2:31  Refinery  
  23  2:38  SCV  
  24  2:50  Barracks, SCV  
  25  3:02  SCV  
  26  3:06  Marine x2  
  26  3:08  Factory Tech Lab  
  26  3:11  Barracks  
  28  3:12  Orbital Command  
  28  3:14  SCV  
  29  3:24  Marine  
  29  3:26  SCV  
  31  3:32  Marine  
  32  3:38  SCV  
  32  3:39  SCV  
  33  3:42  Marine, Cyclone  
  33  3:43  Barracks Tech Lab  
  37  3:50  Marine, SCV  
  37  3:52  SCV  
  37  3:55  Supply Depot  
  40  3:58  Barracks Tech Lab  
  41  4:02  SCV  
  41  4:03  Stimpack  
  41  4:04  SCV  
  42  4:15  SCV  
  42  4:16  SCV  
  44  4:18  Starport  
  44  4:21  Supply Depot  
  44  4:24  Refinery  
  44  4:26  Engineering Bay  
  44  4:27  SCV, Factory Reactor  
  44  4:28  SCV  
  44  4:29  Marine x2  
  48  4:35  Marauder  
  50  4:39  Marauder, SCV  
  50  4:40  SCV  
  50  4:45  Supply Depot  
  54  4:48  Supply Depot  
  54  4:51  SCV, Combat Shields  
  57  5:00  Marauder  
  57  5:01  Terran Infantry Weapons Level 1, SCV  
  57  5:03  SCV  
  59  5:09  Factory Reactor  
  59  5:10  Marine  
  59  5:11  Marine x2  
  59  5:14  SCV  
  63  5:18  SCV  
  63  5:20  Supply Depot  
  64  5:24  Missile Turret  
  64  5:26  SCV  
  64  5:27  Medivac  
  67  5:29  Marine, Medivac  
  67  5:32  SCV  
  71  5:37  Marauder  
  71  5:38  SCV  
  74  5:44  Supply Depot  
  74  5:45  SCV  
  74  5:49  Widow Mine  
  79  5:50  SCV  
  79  5:55  Marine x2, Marauder  
  84  5:57  SCV  
  85  6:05  Marine  
  85  6:08  Command Center  
  85  6:10  Medivac  
  86  6:12  Medivac  
  86  6:17  Marine  
  90  6:20  SCV  
  90  6:21  SCV  
  94  6:27  Widow Mine x2  
  94  6:28  Refinery  
  94  6:29  Supply Depot  
  94  6:31  Supply Depot  
  93  6:34  SCV  
  94  6:40  Barracks  
  94  6:41  Barracks  
  94  6:50  Marine  
  94  6:51  Marine, Marauder x2, SCV  
  94  6:52  Supply Depot, Medivac  
  103  6:55  Medivac  
  103  7:01  SCV  
  106  7:03  SCV  
  106  7:05  Supply Depot  
  107  7:08  Marine  
  107  7:13  SCV  
  107  7:15  Supply Depot  
  109  7:24  Marine, Marauder, Widow Mine x2  
  115  7:30  Marauder  
  115  7:32  Marine  
  115  7:44  Marine x2  
  114  7:45  Marauder  
  115  7:52  Marauder  
  115  7:53  Widow Mine  
  115  7:54  Medivac x2, Widow Mine  
  123  8:07  Marine, Marauder  
  126  8:13  Marauder  
  126  8:15  Marine  
  126  8:18  Supply Depot x2  
  126  8:19  Orbital Command  
  131  8:20  Terran Infantry Armor Level 1  
  131  8:22  Barracks Reactor, Barracks Tech Lab  
  131  8:26  Marine  
  132  8:28  Marauder  
  132  8:33  Marine, SCV  
  136  8:35  Marauder, Widow Mine x2  
  136  8:36  Medivac x2  
  136  8:38  Refinery, SCV  
  136  8:39  Refinery  
  145  8:45  Marine, Marauder, SCV  
  149  8:50  Marauder, SCV  
  150  8:56  Marauder  
  150  8:57  SCV  
  150  9:02  Marine  
  135  9:07  Marauder  
  130  9:20  Marauder  
  130  9:21  Marine, Marauder  
  130  9:22  Medivac, Widow Mine  
  130  9:23  Medivac  
  141  9:28  Marine, Marauder  
  143  9:34  Marine x2  
  143  9:35  Hellion  
  139  9:39  Marine  
  139  9:42  Marauder  
  139  9:43  Marauder  
  144  9:46  Marine  
  144  9:49  Marauder  
  144  9:51  Hellion  
  144  9:52  Marine x2  
  148  9:53  Engineering Bay, Fusion Core  
  148  9:54  Armory  
  148  9:55  Starport  
  148  9:56  Marine, Widow Mine  
  147  10:03  Marauder  
  147  10:04  Marine, Marauder  
  150  10:09  Marine  
  150  10:10  Marine, Medivac x2  
  150  10:11  Marauder  
  150  10:12  Widow Mine  
  156  10:20  SCV  
  157  10:22  Liberator  
  157  10:24  Marauder  
  157  10:25  Hellion  
  155  10:30  Marine x4, Marauder  
  155  10:32  Marine  
  155  10:40  Liberator  
  146  10:45  Marine  
  146  10:47  Marine  
  146  10:48  Marine x2  
  148  10:50  Marauder  
  148  10:51  Marauder  
  148  10:54  SCV  
  153  10:58  Starport Tech Lab  
  153  11:01  Terran Infantry Armor Level 2  
  153  11:02  Terran Infantry Weapons Level 2  
  153  11:04  Marauder  
  158  11:09  Marine x2  
  158  11:10  Marine x2  
  162  11:11  Marauder  
  162  11:12  Marine  
  165  11:20  Liberator  
  165  11:22  Liberator  
  165  11:23  Hellion, Liberator  
  165  11:32  Marine  
  165  11:34  Marine x2  
  165  11:37  Marauder  
  165  11:38  Marauder  
  154  11:47  Marine  
  154  11:52  Marauder  
  153  11:54  Widow Mine x2  
  153  11:58  Marauder  
  153  11:59  Marauder  
  161  12:03  Liberator  
  161  12:05  Liberator  
  157  12:10  Liberator  
  157  12:11  Marine x4  
  157  12:13  Command Center  
  157  12:14  Supply Depot x2, Marauder  
  163  12:19  Marauder  
  163  12:20  Marine  
  163  12:21  Advanced Ballistics  
  173  12:35  Marine x3  
  173  12:36  Marauder  
  176  12:40  Marine x2, Marauder, Widow Mine x2  
  183  12:46  Liberator  
  183  12:48  Liberator  
  182  12:53  Marine x3, Liberator  
  182  12:57  Marine, Marauder  
  194  13:11  Marauder  
  199  13:13  Barracks  
  199  13:14  Barracks  
  199  13:18  Marine  
  197  13:47  Marine, Marauder  
Tags
 
Add a new tag
Caveats
  • Supply blocks, unpowered buildings, or Contaminate may cause inaccurate times.
  • Supply counts are checked every 10 seconds.